 Dungeon Crawl Stone Soup version 0.32-a0-791-gfc315c9ecd (webtiles) character file.

Game seed: 5833198713743042629

100314 GloriousHammer the Warrior (level 16, -19/192 HPs)
             Began as an Oni Warper on Mar 19, 2024.
             Was a High Priest of Okawaru.
             Demolished by Agnes
             ... wielding a +0 lajatang of speed
              (30 damage)
             ... on level 14 of the Dungeon on Mar 21, 2024.
             The game lasted 01:33:23 (41179 turns).

GloriousHammer the Warrior (Oni Warper)            Turns: 41179, Time: 01:33:23

Health: -19/192    AC: 14    Str: 21    XL:     16   Next: 27%
Magic:  7/30       EV: 10    Int: 21    God:    Okawaru [*****.]
Gold:   1624       SH:  5    Dex:  8    Spells: 12/35 levels left

rFire   + . .        a - +2 giant spiked club
rCold   . . .        (shield currently unavailable)
rNeg    . . .        K - +2 troll leather armour
rPois   .            (helmet restricted)
rElec   .            j - +2 cloak {Stlth+}
rCorr   +            (gloves unavailable)
SInv    .            (boots unavailable)
Will    +....        D - amulet of reflection
Stlth   +++          z - ring "Dujyuwn" {+Blink rF+ rCorr Int+3}
HPRegen 1.32/turn    T - +4 ring of protection
MPRegen 0.22/turn

%: reflection
@: mighty, heroic
A: large, unfitting armour, horns 1, tough skin 1, double potion healing,
drunken brawling
a: Renounce Religion, Evoke Blink, Heroism, Finesse, Duel


You were on level 14 of the Dungeon.
You worshipped Okawaru.
Okawaru was extremely pleased with you.
You visited 4 branches of the dungeon, and saw 22 of its levels.
You also visited: Gauntlet and Ice Cave.

You collected 2587 gold pieces.
You spent 963 gold pieces at shops.

Inventory:

Hand Weapons
 a - a +2 giant spiked club (weapon)
 b - a +4 morningstar of venom
Missiles
 d - 5 darts of dispersal
 i - 11 javelins
 l - 26 poisoned darts
 t - 6 curare-tipped darts
 y - 23 boomerangs
 C - a throwing net
 J - 36 large rocks (quivered)
 V - an atropa-tipped dart
 X - 3 silver javelins
Armour
 c - the +1 robe "Zeetoala" {MP+9 SInv Archmagi}
   (You found it on level 1 of the Lair of Beasts)

   MP+9:      It affects your magic capacity (+9).
   SInv:      It lets you see invisible.
   Archmagi:  It increases the power of your magical spells.
 j - a +2 cloak of stealth (worn)
 K - a +2 troll leather armour (worn)
Jewellery
 g - a ring of protection from cold
 q - a +6 ring of intelligence
 z - the ring "Dujyuwn" (left hand) {+Blink rF+ rCorr Int+3}
   (You bought it in a shop on level 1 of the Orcish Mines)

   [ring of resist corrosion]

   Int+3:     It affects your intelligence (+3).
   rF+:       It protects you from fire.
   +Blink:    It lets you blink.
   rCorr:     It protects you from acid and corrosion.
 D - an amulet of reflection (around neck)
 T - a +4 ring of protection (right hand)
 U - an amulet of guardian spirit
 Z - a ring of wizardry
Wands
 o - a wand of digging (12)
 s - a wand of light (4)
 v - a wand of mindburst (11)
 E - a wand of flame (15)
 Q - a wand of iceblast (9)
 W - a wand of polymorph (6)
Scrolls
 e - 4 scrolls of blinking
 k - 4 scrolls of teleportation
 r - 4 scrolls of poison
 x - 2 scrolls of fear
 A - 2 scrolls of silence
 B - a scroll of immolation
 F - a scroll of enchant weapon
 I - a scroll of identify
 M - 2 scrolls of brand weapon
 O - a scroll of amnesia
 P - a scroll of torment
 R - a scroll of fog {unknown}
Potions
 f - 8 potions of cancellation
 m - 3 potions of degeneration {unknown}
 n - 5 potions of brilliance
 u - 3 potions of resistance {unknown}
 w - a potion of haste
 G - 2 potions of lignification {unknown}
 H - 2 potions of mutation {unknown}
 L - 2 potions of enlightenment
 N - 9 potions of ambrosia
 S - 7 potions of curing
 Y - 2 potions of magic {unknown}
Miscellaneous
 p - a phial of floods


   Skills:
 + Level 20.0(25.0) Fighting
 + Level 16.1(21.1) Maces & Flails
 + Level 7.5(12.5) Throwing
 - Level 4.0(9.0) Armour
 - Level 2.1(7.1) Dodging
 - Level 10.0 Spellcasting
 - Level 3.0 Conjurations
 - Level 2.0 Necromancy
 + Level 10.7 Translocations
 - Level 3.0 Fire Magic
 - Level 3.0 Ice Magic
 - Level 3.0 Air Magic
 - Level 4.0 Invocations


You had 12 spell levels left.
You knew the following spells:

 Your Spells              Type           Power      Damage    Failure   Level
a - Blink                 Tloc           100%       N/A       1%          2
b - Lesser Beckoning      Tloc           100%       N/A       1%          2
c - Manifold Assault      Tloc           53%        N/A       1%          4
d - Vhi's Electric Charg  Tloc/Air       78%        N/A       4%          4
e - Foxfire               Conj/Fire      92%        2x1d8     1%          1
f - Sublimation of Blood  Necr           18%        N/A       4%          2
g - Ozocubu's Armour      Ice            23%        N/A       6%          3
h - Apportation           Tloc           100%       N/A       1%          1
i - Iskenderun's Mystic   Conj/Tloc      39%        2d9       4%          4

Your spell library contained the following spells:

 Spells                   Type           Power      Damage    Failure   Level
 Teleport Other           Tloc           53%        N/A       1%          3
 Volatile Blastmotes      Fire/Tloc      78%        2d16      1%          3
 Passage of Golubria      Tloc           53%        N/A       1%          4
 Kiss of Death            Conj/Necr      84%        2d11      2%          1
 Necrotise                Necr           72%        1d7       3%          1
 Sting                    Conj/Alch      64%        1d7       3%          1
 Swiftness                Air            23%        N/A       6%          3
 Dimensional Bullseye     Hex/Tloc       16%        N/A       8%          4
 Mephitic Cloud           Conj/Alch/Air  18%        N/A       10%         3
 Dazzling Flash           Conj/Hex       32%        N/A       12%         3
 Dispersal                Tloc           26%        N/A       13%         6
 Confusing Touch          Hex            10%        N/A       22%         3
 Sigil of Binding         Hex            10%        N/A       22%         3
 Dispel Undead            Necr           18%        3d11      30%         4
 Fulminant Prism          Conj/Alch      8%         3d6       36%         4
 Anguish                  Hex/Necr       7%         N/A       43%         4
 Arcjolt                  Conj/Air       11%        1d21      50%         5
 Cause Fear               Hex            5%         N/A       56%         4
 Leda's Liquefaction      Alch/Erth      5%         N/A       56%         4
 Petrify                  Alch/Erth      10%        N/A       56%         4
 Curse of Agony           Necr           18%        N/A       65%         5
 Irradiate                Conj/Alch      8%         3d14      71%         5
 Metabolic Englaciation   Hex/Ice        8%         N/A       71%         5
 Silence                  Hex/Air        8%         N/A       71%         5
 Lee's Rapid Deconstruct  Erth           5%         3d6*      89%         5
 Conjure Ball Lightning   Conj/Air       11%        3x3d6     97%         6
 Plasma Beam              Fire/Air       11%        2x1d22    97%         6
 Permafrost Eruption      Ice/Erth       8%         2x4d4     99%         6
 Disjunction              Tloc           26%        N/A       99%         8
 Enfeeble                 Hex            5%         N/A       100%        7
 Discord                  Hex            5%         N/A       100%        8
 Maxwell's Capacitive Co  Air            11%        ∞         100%        8
 Summon Small Mammal      Summ           Unusable   N/A       N/A         1
 Summon Ice Beast         Ice/Summ       Unusable   N/A       N/A         3
 Call Canine Familiar     Summ           Unusable   N/A       N/A         3
 Summon Lightning Spire   Summ/Air       Unusable   N/A       N/A         4

Dungeon Overview and Level Annotations

Branches:
Dungeon (14/15)            Temple (1/1) D:5            Lair (5/5) D:8
  Swamp (0/4) Lair:3        Snake (0/4) Lair:3        Slime (0/5) Lair:4
    Orc (2/2) D:10            Elf (0/3) Orc:2        Vaults (0/5) D:13
  IceCv (visited)         Gauntlet (visited)

Altars:
Ashenzari
Cheibriados
Dithmenos
Elyvilon
Fedhas
Gozag
Hepliaklqana
Kikubaaqudgha
Makhleb
Nemelex Xobeh
Okawaru
Qazlal
Ru
Sif Muna
Trog
Uskayaw
Vehumet
Wu Jian
Xom
Yredelemnul
Zin
The Shining One
Jiyva

Shops:
D:7 :   D:10 ([   Orc:1 *   Orc:2 *[=(

Annotations:
D:6 exclusion: downstairs
D:9 exclusion: downstairs
D:14 Agnes
Lair:1 2 transporters, avangion's ghost, journeyman MiBe
Orc:1 exclusion: downstairs


Innate Abilities, Weirdness & Mutations

You are too large for most types of armour.
You have a pair of small horns on your head.
You have tough skin. (AC +1)
You gain doubled healing and magic from potions.
Whenever you drink a healing potion, you attack all around you.


Message History

Casting: Manifold Assault (mildly dangerous; 1% risk of failure)
Confirm with . or Enter, or press ? or * to list all spells.
Space momentarily warps into an impossible shape!
You closely miss the skeletal warrior. x2
Casting: Manifold Assault (mildly dangerous; 1% risk of failure)
Confirm with . or Enter, or press ? or * to list all spells.
You don't have enough magic to cast this spell.
A skeletal warrior comes into view. It is wielding a +0 long sword.
You gain the combat prowess of a mighty hero.
You hit the skeletal warrior but do no damage.
Your headbutt misses the skeletal warrior.
The skeletal warrior is moderately damaged.
The skeletal warrior hits you with a +0 battleaxe!!
You barely miss the skeletal warrior.
You headbutt the skeletal warrior, but do no damage.
The skeletal warrior is moderately damaged.
The skeletal warrior hits you with a +0 battleaxe!
You bludgeon the skeletal warrior!!
You headbutt the skeletal warrior, but do no damage.
The skeletal warrior is severely damaged.
The skeletal warrior hits you but does no damage.
You bludgeon the skeletal warrior!!
You destroy the skeletal warrior!
Okawaru accepts your kill.
Throw: 39 large rocks
Press: ? - help, Q - select action, (/) - cycle Shift-Dir - straight line, f - skeletal warrior
Aim: a skeletal warrior, wielding a +0 short sword (lightly damaged, 71% to hit)
You throw a large rock.
The large rock hits the skeletal warrior and shatters, but does no damage.
The skeletal warrior is lightly damaged.
The skeletal warrior hits you with a +0 long sword.
You barely miss the skeletal warrior. You headbutt the skeletal warrior.
The skeletal warrior is lightly damaged.
You closely miss the skeletal warrior.
The skeletal warrior is lightly damaged.
The skeletal warrior hits you with a +0 long sword.
You skewer the skeletal warrior like a kebab!!!
The skeletal warrior is severely damaged.
You hear a shout!
You block the skeletal warrior's attack.
You hit the skeletal warrior but do no damage.
Your headbutt misses the skeletal warrior.
The skeletal warrior is severely damaged.
The skeletal warrior hits you with a +0 long sword!!
You closely miss the skeletal warrior.
You headbutt the skeletal warrior, but do no damage.
The skeletal warrior is severely damaged.
You hit the skeletal warrior.
The skeletal warrior is severely damaged.
The skeletal warrior hits you with a +0 long sword!!
You closely miss the skeletal warrior.
You headbutt the skeletal warrior, but do no damage.
The skeletal warrior is severely damaged.
The skeletal warrior hits you with a +0 long sword.
You pound the skeletal warrior like an anvil!!!
You destroy the skeletal warrior!
Okawaru accepts your kill.
You puncture the skeletal warrior!
The skeletal warrior is lightly damaged.
You hit the skeletal warrior.
You headbutt the skeletal warrior, but do no damage.
The skeletal warrior is moderately damaged.
The skeletal warrior hits you but does no damage.
You impale the skeletal warrior!! You headbutt the skeletal warrior.
The skeletal warrior is severely damaged.
The skeletal warrior hits you with a +0 short sword.
You closely miss the skeletal warrior.
You headbutt the skeletal warrior, but do no damage.
The skeletal warrior is severely damaged.
You block the skeletal warrior's attack.
You bludgeon the skeletal warrior!!
The skeletal warrior is almost destroyed.
You barely miss the skeletal warrior.
You headbutt the skeletal warrior, but do no damage.
The skeletal warrior is almost destroyed.
The skeletal warrior hits you with a +0 short sword!
Agnes the Wanderer comes into view.
She is wielding a +0 lajatang of speed.
You sock the skeletal warrior!
You destroy the skeletal warrior!
Okawaru accepts your kill.
Throw: 38 large rocks
Press: ? - help, Q - select action, (/) - cycle Shift-Dir - straight line, f - Agnes
Aim: Agnes, wielding a +0 lajatang of speed and wearing a +0 robe (46% to hit)
You throw a large rock. The large rock completely misses Agnes.
Throw: 37 large rocks
Press: ? - help, Q - select action, (/) - cycle Shift-Dir - straight line, f/p - Agnes
Aim: Agnes, wielding a +0 lajatang of speed and wearing a +0 robe (46% to hit)
You throw a large rock. The large rock misses Agnes.
You miss Agnes.
Agnes hits you with a +0 lajatang of speed!
Agnes misses you.
You feel very mighty all of a sudden.
Agnes hits you with a +0 lajatang of speed!! x3
* * * LOW HITPOINT WARNING * * *
You barely miss Agnes.
Agnes hits you with a +0 lajatang of speed!!
* * * LOW HITPOINT WARNING * * *
Agnes hits you with a +0 lajatang of speed!!
You die...
Agnes says, "May you follow the Path of Peace in your next life."

#....<.......#
#[.........## ##.........#
#........######## ###
#................. ...
#..........###### ..
:...........# #.#
............##### ..#
............i@).###.#####.
...........###...........
....(...........).....#
>...#####..####.####.. ..#
#..........# .#
#..........# #..........#
#..........# #..........#


You could see Agnes.

Vanquished Creatures
  A frost giant (IceCv)
  A reaper (Gauntlet)
  3 orc warlords
  The ghost of Munuj the Summoner, a journeyman MDFi of Cheibriados (Lair:4)
  A minotaur (Gauntlet)
  Snorg (D:11)
  A fire dragon (D:11)
  The ghost of dialectric the Skirmisher, a journeyman CoHu (Orc:2)
  An entropy weaver (Gauntlet)
  A rakshasa (D:11)
  4 vault guards
  4 hydras
  Erica (D:10)
  4 centaur warriors (D:13)
  4 boulder beetles
  5 two-headed ogres
  8 death yaks
  4 orc high priests (Orc:2)
  A soul eater (Gauntlet)
  Amaemon (D:10)
  8 skeletal warriors
  2 skysharks
  4 orc knights
  An obsidian bat (Orc:1)
  8 orc sorcerers
  4 ugly things
  4 kobold blastminers (Orc:2)
  7 cyclopes
  A worldbinder (Gauntlet)
  3 manticores
  6 elephants (Lair:4)
  7 meliai
  4 black mambas
  An orange demon (D:10)
  An ice statue (IceCv)
  A torpor snail (Gauntlet)
  13 cane toads
  2 gargoyles
  4 rime drakes
  A yaktaur (D:11)
  2 unseen horrors
  4 komodo dragons
  2 hellwings (Gauntlet)
  9 polar bears
  7 trolls
  A queen bee (Lair:4)
  A troll (shapeshifter) (D:11)
  A tyrant leech (Lair:3)
  5 hornets
  A slime creature (D:11)
  8 blink frogs
  A jumping spider (Gauntlet)
  3 vampires
  2 shadows
  50 yaks
  12 spriggans
  8 wyverns
  4 wraiths
  A steam dragon (D:8)
  3 wargs
  11 vampire mosquitoes
  4 nagas (Lair:3)
  2 acid dragons
  16 water moccasins
  2 swamp worms (Lair:3)
  47 orc warriors
  4 black bears
  A sky beast (D:8)
  6 boggarts
  5 ogres
  29 wolves
  13 centaurs
  3 phantoms
  9 bullfrogs
  2 kobold brigands
  3 gnoll sergeants
  2 scorpions
  41 killer bees
  5 howler monkeys
  3 bombardier beetles
  4 hounds
  13 jellies (Lair:4)
  27 orc priests
  2 sleepcaps (D:6)
  Crazy Yiuf (D:3)
  2 gnoll boudas
  8 iguanas
  32 orc wizards
  14 adders
  20 gnolls
  5 shadow imps
  2 white imps
  4 ufetubi
  3 ribbon worms
  2 dart slugs (D:1)
  91 orcs
  6 endoplasms
  4 giant cockroaches
  6 goblins
  14 hobgoblins
  6 jackals
  5 quokkas
  4 ball pythons
  4 bats
  7 frilled lizards
  15 kobolds
  7 rats
771 creatures vanquished.

Vanquished Creatures (collateral kills)
  An orc wizard (D:7)
  A gnoll (D:5)
  4 orcs (D:7)
  2 foxfires (D:8)
8 creatures vanquished.

Vanquished Creatures (others)
  2 orc wizards
  2 gnolls (D:7)
  An orc (D:10)
  335 foxfires
340 creatures vanquished.

Grand Total: 1119 creatures vanquished

Notes
Turn   | Place    | Note
-------+----------+-------------------------------------------
     0 | D:1      | GloriousHammer the Oni Warper began the quest for the Orb.
     0 | D:1      | Reached XP level 1. HP: 22/22 MP: 3/3
   146 | D:1      | Reached XP level 2. HP: 29/29 MP: 5/5
   198 | D:1      | Learned a level 2 spell: Blink
   201 | D:1      | Learned a level 2 spell: Lesser Beckoning
   518 | D:1      | Reached XP level 3. HP: 23/36 MP: 7/7
   533 | D:1      | Reached skill level 3 in Fighting
  1437 | D:2      | Reached XP level 4. HP: 45/45 MP: 8/8
  1949 | D:2      | Reached XP level 5. HP: 54/54 MP: 9/9
  1979 | D:2      | Reached skill level 4 in Fighting
  2121 | D:3      | Found a runed translucent door.
  2122 | D:3      | Noticed Crazy Yiuf
  2148 | D:3      | Found a faded altar of an unknown god.
  2199 | D:3      | HP: 2/81 [burnt (5)]
  2622 | D:3      | Reached XP level 6. HP: 30/63 MP: 10/10
  2960 | D:3      | Reached skill level 5 in Maces & Flails
  3594 | D:3      | Killed Crazy Yiuf
  3595 | D:3      | Reached skill level 5 in Fighting
  3717 | D:4      | Found a white marble altar of Elyvilon.
  4074 | D:4      | Found an ancient bone altar of Kikubaaqudgha.
  4216 | D:4      | Found an ornate altar of the Wu Jian Council.
  4258 | D:4      | Reached skill level 6 in Fighting
  4258 | D:4      | Reached XP level 7. HP: 63/75 MP: 11/11
  4901 | D:5      | Entered Level 5 of the Dungeon
  5288 | D:5      | Found a staircase to the Ecumenical Temple.
  5310 | D:4      | Reached skill level 7 in Fighting
  5422 | Temple   | Entered the Ecumenical Temple
  5598 | D:5      | Reached XP level 8. HP: 45/87 MP: 12/12
  6078 | D:5      | Reached skill level 8 in Fighting
  7025 | D:6      | Reached skill level 9 in Fighting
  7761 | D:7      | Identified the +4 leather armour of the Harp {rN+ Dex+2}
  8366 | D:7      | Reached XP level 9. HP: 21/101 MP: 13/13
  8705 | D:7      | Reached skill level 10 in Fighting
  9066 | D:6      | Upgraded the game from 0.32-a0-779-g362cfcae2a to
                  | 0.32-a0-791-gfc315c9ecd
  9096 | D:7      | Learned a level 4 spell: Manifold Assault
  9101 | D:7      | Learned a level 4 spell: Vhi's Electric Charge
  9148 | D:7      | Found Urphurpho's Tiny Tomes.
  9154 | D:7      | Bought the Notes on Destruction for 52 gold pieces
  9156 | D:7      | Learned a level 1 spell: Foxfire
  9460 | D:8      | Found a shimmering altar of Xom.
  9461 | D:8      | Noticed a manticore
  9468 | D:8      | Killed a manticore
  9469 | D:8      | Reached skill level 1 in Conjurations
  9469 | D:8      | Reached skill level 1 in Fire Magic
  9777 | D:8      | Reached skill level 11 in Fighting
  9886 | D:8      | Found a staircase to the Lair.
 10049 | D:8      | Reached XP level 10. HP: 101/114 MP: 12/14
 10137 | D:8      | Found a sparkling altar of Nemelex Xobeh.
 10138 | D:8      | Noticed an unseen horror
 10150 | D:8      | Killed an unseen horror
 10215 | D:8      | Reached skill level 12 in Fighting
 10215 | D:8      | Reached skill level 10 in Maces & Flails
 10759 | D:8      | Noticed a two-headed ogre
 10769 | D:8      | Killed a two-headed ogre
 11290 | D:9      | Paralysed by a hornet for 3 turns
 11294 | D:9      | Reached skill level 13 in Fighting
 11583 | D:9      | Reached XP level 11. HP: 118/128 MP: 12/15
 11661 | D:9      | Reached skill level 14 in Fighting
 12026 | D:9      | Found an iron altar of Okawaru.
 12030 | D:9      | Became a worshipper of Warmaster Okawaru
 12310 | D:9      | Found a shadowy altar of Dithmenos.
 12315 | D:9      | Found a sacrificial altar of Ru.
 12371 | D:9      | Reached * piety under Okawaru
 12906 | D:10     | Entered Level 10 of the Dungeon
 13375 | D:10     | Noticed a two-headed ogre
 13388 | D:10     | Killed a two-headed ogre
 13511 | D:10     | Noticed a two-headed ogre
 13519 | D:10     | Killed a two-headed ogre
 13520 | D:10     | Reached skill level 15 in Fighting
 13631 | D:10     | Found Pujusu's Armour Shoppe.
 13632 | D:10     | Found a staircase to the Orcish Mines.
 13634 | D:10     | Found Peci's Weapon Shoppe.
 13927 | D:10     | Noticed Amaemon
 14084 | D:10     | Killed Amaemon
 14084 | D:10     | Reached ** piety under Okawaru
 14090 | D:10     | Reached skill level 1 in Armour
 14384 | Lair:1   | Entered Level 1 of the Lair of Beasts
 14387 | Lair:1   | Identified the +1 robe "Zeetoala" {MP+9 SInv Archmagi}
 14522 | Lair:1   | Found a transporter.
 14541 | Lair:1   | Reached *** piety under Okawaru
 14542 | Lair:1   | Reached skill level 5 in Spellcasting
 14542 | Lair:1   | Reached XP level 12. HP: 143/143 MP: 19/19
 14567 | Lair:1   | Found a transporter.
 14568 | Lair:1   | Noticed a boulder beetle
 14571 | Lair:1   | Noticed avangion's ghost (journeyman MiBe)
 15087 | Lair:1   | Reached **** piety under Okawaru
 15088 | Lair:1   | Reached skill level 5 in Translocations
 15106 | Lair:1   | Learned a level 2 spell: Sublimation of Blood
 15160 | Lair:1   | Identified the +5 flail "Spiderbane" {pain, rElec Int+5}
 16345 | Lair:2   | Reached ***** piety under Okawaru
 16346 | Lair:2   | Reached skill level 16 in Fighting
 17314 | Lair:3   | Reached skill level 1 in Invocations
 17383 | Lair:3   | Noticed a skyshark
 17389 | Lair:3   | Killed a skyshark
 17395 | Lair:3   | Found a frozen archway.
 17406 | IceCv    | Entered an ice cave
 17632 | IceCv    | Noticed a death yak
 17641 | IceCv    | Killed a death yak
 17642 | IceCv    | Noticed a death yak
 17648 | IceCv    | Killed a death yak
 17810 | IceCv    | Received a gift from Okawaru
 17824 | IceCv    | Reached XP level 13. HP: 136/154 MP: 23/23
 18219 | IceCv    | Noticed a frost giant
 18242 | IceCv    | Killed a frost giant
 18372 | IceCv    | Got the Directory of Firn
 18603 | IceCv    | Received a gift from Okawaru
 19282 | Lair:3   | Reached skill level 17 in Fighting
 20259 | Lair:3   | Found a staircase to the Snake Pit.
 20692 | Lair:3   | Found a staircase to the Swamp.
 21223 | Lair:4   | Noticed Munuj's ghost (journeyman MDFi)
 21226 | Lair:4   | Found a runed translucent door.
 21438 | Lair:4   | Found a staircase to the Slime Pits.
 21445 | Lair:4   | Found a viscous altar of Jiyva.
 21457 | Lair:4   | Received a gift from Okawaru
 22982 | Lair:4   | Reached XP level 14. HP: 121/166 MP: 8/27
 24456 | Lair:4   | Killed Munuj's ghost
 24627 | Lair:5   | Entered Level 5 of the Lair of Beasts
 25282 | Lair:5   | Received a gift from Okawaru
 25571 | Lair:5   | Reached skill level 1 in Air Magic
 25928 | Lair:5   | Reached skill level 18 in Fighting
 26258 | Lair:5   | Learned a level 3 spell: Ozocubu's Armour
 26956 | Lair:5   | Reached skill level 1 in Ice Magic
 27078 | Lair:5   | Paralysed by a hornet for 1 turns
 27632 | Lair:5   | HP: 7/169 [spriggan rider/+0 spear of flaming (9)]
 28086 | Lair:5   | HP: 6/169 [spriggan rider/+0 spear of flaming (16)]
 28086 | Lair:5   | HP: 2/169 [spriggan rider/+0 spear of flaming (4)]
 29387 | D:11     | Reached skill level 10 in Spellcasting
 30165 | D:11     | Noticed Snorg
 30180 | D:11     | Killed Snorg
 30698 | D:11     | Got Pusuz's Quarto of the Brumous Tomb
 31795 | D:11     | Identified the +1 hand axe of Ru {speed, rC+}
 32400 | D:12     | Reached XP level 15. HP: 152/178 MP: 2/29
 32433 | D:12     | Reached skill level 15 in Maces & Flails
 32631 | D:12     | Received a gift from Okawaru
 33174 | Orc:1    | Entered Level 1 of the Orcish Mines
 33174 | Orc:1    | Noticed Erica
 33174 | Orc:1    | Found Koantoik's Assorted Antiques.
 33177 | Orc:1    | Noticed an orc warlord
 33181 | D:10     | Killed Erica
 33409 | D:10     | Paralysed by an orc sorcerer for 4 turns
 33968 | D:10     | Killed an orc warlord
 33977 | D:10     | Reached skill level 5 in Throwing
 35234 | Orc:2    | Entered Level 2 of the Orcish Mines
 35239 | Orc:2    | Received a gift from Okawaru
 35356 | Orc:2    | Found a staircase to the Elven Halls.
 35674 | Orc:2    | Reached skill level 19 in Fighting
 35871 | Orc:2    | Noticed an orc warlord
 36532 | Orc:2    | Killed an orc warlord
 37318 | Orc:2    | Noticed dialectric's ghost (journeyman CoHu)
 37319 | Orc:2    | Found a runed translucent gate.
 37320 | Orc:2    | Found a runed translucent gate.
 37321 | Orc:2    | Found a runed translucent gate.
 37396 | Orc:2    | Noticed an orc warlord
 37482 | Orc:2    | Killed an orc warlord
 37845 | Orc:2    | Reached skill level 10 in Translocations
 37853 | Orc:2    | Killed dialectric's ghost
 37890 | Orc:2    | Learned a level 1 spell: Apportation
 38333 | Orc:2    | Paralysed by an orc sorcerer for 4 turns
 38404 | Orc:2    | Found Rigus's Antique Armour Boutique.
 38405 | Orc:2    | Found Xousepab's Antique Weapon Shop.
 38407 | Orc:2    | Found Kasu's General Store.
 38407 | Orc:2    | Found Empal's Jewellery Boutique.
 38584 | Orc:2    | Bought a scroll of identify for 26 gold pieces
 38632 | Orc:1    | Bought a transparent turquoise ring for 165 gold pieces
 38632 | Orc:1    | Identified the ring "Dujyuwn" {+Blink rF+ rCorr Int+3} (You
                  | bought it in a shop on level 1 of the Orcish Mines)
 38632 | Orc:1    | Bought a potion of curing for 99 gold pieces
 38637 | Orc:1    | Bought 2 grey potions for 59 gold pieces
 38685 | Orc:2    | Bought a +4 ring of protection for 432 gold pieces
 38836 | D:7      | Bought the Collected Works on the Discharge for 130 gold
                  | pieces
 38841 | D:7      | Learned a level 4 spell: Iskenderun's Mystic Blast
 39029 | D:13     | Reached skill level 1 in Necromancy
 39065 | D:12     | Received a gift from Okawaru
 39304 | D:13     | Found a gate to the Vaults.
 39393 | D:13     | Reached XP level 16. HP: 160/192 MP: 16/30
 39404 | D:13     | Got the Compendium of Transposition
 39444 | D:13     | Found a gate leading to a gauntlet.
 39452 | D:13     | Received a gift from Okawaru
 39465 | Gauntlet | Entered a Gauntlet
 39465 | Gauntlet | Found a transporter.
 39552 | Gauntlet | Found a transporter.
 39556 | Gauntlet | Found a transporter.
 39567 | Gauntlet | Found a transporter.
 39568 | Gauntlet | Found a transporter.
 39577 | Gauntlet | Found a transporter.
 39580 | Gauntlet | Found a transporter.
 39588 | Gauntlet | Found a transporter.
 39592 | Gauntlet | Found a transporter.
 39605 | Gauntlet | Found a transporter.
 39621 | Gauntlet | Found a transporter.
 39633 | Gauntlet | Found a transporter.
 39645 | Gauntlet | Found a transporter.
 39657 | Gauntlet | Found a transporter.
 40341 | Gauntlet | Identified the +1 robe "Jemute Atis" {Dex+6}
 40341 | Gauntlet | Identified the +9 broad axe "Oni's Death" {freeze, rElec}
 41147 | D:14     | Reached skill level 20 in Fighting
 41173 | D:14     | Noticed Agnes
 41179 | D:14     | Demolished by Agnes

Illustrated notes

Levels and vault maps discovered:
D:1:      lemuel_arrival_room, layout_basic, minmay_bisected
D:2:      layout_basic
D:3:      layout_loops_ring, basic_ecumenical_altar, minivault_11,
          kennysheep_generic_room_16, uniq_crazy_yiuf_cottage
D:4:      layout_loops_ring, kennysheep_mini_moat, lemuel_round_altar,
          mainiacjoe_overflow_surrounded_room
D:5:      layout_rooms, temple_fountains, kennysheep_generic_room_6
D:6:      layout_rooms, nrook_mini_vaults
D:7:      layout_loops_corners, nicolae_shop_i_like_small_books_too
D:8:      layout_basic, due_lair_maze_entry_diamond, minmay_misc_feat_square,
          hangedman_feature_mirror
D:9:      layout_basic, okawaru_metal_pillars_1_2, jmf_multi_god_temple2,
          dk_noncrumbling_2
D:10:     layout_loops_ring, orc_david_3, uniq_amaemon
D:11:     minmay_the_grid_net [minmay_the_grid_doors,
          minmay_the_grid_aliased_spiral, minmay_the_grid_dragon_b,
          minmay_the_grid_holed_spiral, minmay_the_grid_x,
          minmay_the_grid_prize_four_corners_diamond_a], layout_cave_pods,
          minmay_bent, uniq_snorg
D:12:     layout_roguey
D:13:     layout_gridville, lightli_vaults_fourway_checkpoint,
          gauntlet_entry_generic
D:14:     layout_rooms, minmay_misc_feat_rows, nicolae_sif_muna_condensation,
          uniq_agnes
Temple:   nicolae_temple_slightly_damp_pantheon
Lair:1:   wander_river, layout_cave_pods, gammafunk_ghost_arena
Lair:2:   layout_cave_pods, beast_lair_carwin_7
Lair:3:   layout_regular_city, palyth_hydra_swamp_entry,
          minmay_snake_entry_guardpost_small, portal_ice_cave_entry_pillars_2,
          lemuel_fruit_fields
Lair:4:   layout_roguey [special_room_bee], minmay_slime_entry_jelly_boxes,
          hellmonk_ghost_happy_afterlife
Lair:5:   minmay_lair_end_enchanted_forest, layout_small_grid
Orc:1:    layout_caves, serial_shops, shop, uniq_erica
Orc:2:    st_orc_congregation, layout_caves, gammafunk_ghost_split

Skill      XL: |  1  2  3  4  5  6  7  8  9 10 11 12 13 14 15 16 |
---------------+-------------------------------------------------+-----
Translocations | 3 4 6 7 9 10 | 10.7
Fighting       | 3 4 6 7 9 11 13 15 16 17 18 19 20 | 20.0
Maces & Flails | 3 4 5 6 8 9 11 12 13 14 15 16 | 16.1
Spellcasting   | 3 5 7 9 10 | 10.0
Conjurations   | 3 |  3.0
Fire Magic     | 3 |  3.0
Armour         | 2 4 |  4.0
Invocations    | 3 4 |  4.0
Air Magic      | 3 |  3.0
Throwing       | 4 6 7 |  7.5
Ice Magic      | 3 |  3.0
Necromancy     | 2 |  2.0
Dodging        | |  2.1

Action                     |  1- 3 |  4- 6 |  7- 9 | 10-12 | 13-15 | 16-18 || total
---------------------------+-------+-------+-------+-------+-------+-------++-------
  Melee: Mace              |   119 |   120 |    73 |       |       |       ||   312
         Headbutt          |    15 |    36 |    79 |    95 |   121 |    24 ||   370
         Whip              |       |    58 |       |       |       |       ||    58
         Flail             |       |       |   188 |       |       |       ||   188
         Morningstar       |       |       |    42 |   206 |       |    40 ||   288
         Giant club        |       |       |       |   301 |   782 |       ||  1083
         Giant spiked club |       |       |       |       |   637 |   136 ||   773
  Throw: Dart              |     2 |       |       |     6 |     6 |       ||    14
         Large rock        |       |       |       |     2 |    31 |     3 ||    36
         Boomerang         |       |       |       |       |   104 |       ||   104
         Javelin           |       |       |       |       |    11 |     4 ||    15
   Cast: Foxfire           |       |       |    25 |   171 |    17 |     1 ||   214
         Blink             |       |       |       |     6 |     6 |       ||    12
         Manifold Assault  |       |       |       |    40 |   582 |    45 ||   667
         Iskenderun's Myst |       |       |       |       |     1 |       ||     1
         Ozocubu's Armour  |       |       |       |       |     1 |       ||     1
 Invoke: Heroism           |       |       |       |     4 |    18 |     3 ||    25
  Evoke: Wand              |       |       |     8 |     3 |     4 |       ||    15
    Use: Potion            |       |     3 |     3 |     7 |     4 |     1 ||    18
         Scroll            |       |       |     3 |    12 |    14 |     2 ||    31
 Armour: Robe              |    80 |   118 |   304 |    59 |   327 |       ||   888
         Troll leather arm |       |       |       |   386 |   475 |   138 ||   999
  Dodge: Dodged            |    71 |    71 |   144 |   203 |   334 |    52 ||   875
  Block: Other             |       |       |       |    53 |   164 |    26 ||   243
         Reflection        |       |       |       |     3 |    20 |       ||    23

Table legend: (Time is in decaauts)
 A = Elapsed time spent in this place.
 B = Non-inter-level travel time spent in this place.
 C = Inter-level travel time spent in this place.
 D = Time resting spent in this place.
 E = Time spent auto-exploring this place.
 F = Levels seen in this place.
 G = Mean time per level.
                   A        B        C        D        E       F      G
               +--------+--------+--------+--------+--------+-----+--------+
         Total |  41199 |  39561 |   1638 |  13810 |  18433 |  24 | 1716.6 |
       Dungeon |  21616 |  20482 |   1134 |   6424 |  10055 |  14 | 1544.0 |
        Temple |     81 |      3 |     78 |      0 |      0 |   1 |   81.0 |
          Lair |  12504 |  12251 |    253 |   4714 |   5899 |   5 | 2500.8 |
  Orcish Mines |   4450 |   4279 |    171 |   1932 |   1462 |   2 | 2225.0 |
      Ice Cave |   1670 |   1670 |      0 |    485 |    824 |   1 | 1670.0 |
      Gauntlet |    875 |    875 |      0 |    255 |    193 |   1 |  875.0 |
               +--------+--------+--------+--------+--------+-----+--------+

Top non-repeatable levels by time:
  Lair:4: 4839 daAuts
    D:11: 3196 daAuts
   Orc:2: 3143 daAuts
  Lair:5: 2678 daAuts
    D:10: 2644 daAuts
     D:8: 2194 daAuts
  Lair:3: 2093 daAuts
     D:7: 1967 daAuts
     D:9: 1765 daAuts
   IceCv: 1670 daAuts
     D:3: 1653 daAuts
  Lair:2: 1584 daAuts
     D:5: 1432 daAuts
  Lair:1: 1307 daAuts
   Orc:1: 1307 daAuts
